AoeStats
← w53416755

Arabia

504517119Analyzed
1v1 RM · 26d ago on Sep 5, 2026· 44m 35s· 2 players
Game mode
Random Map
Map size
Tiny (2 player)
Population
200
Speed
Normal
Resources
Standard
Victory
Conquest
Starting age
Dark Age
Ending age
Imperial Age
RankedLock teamsTeams togetherTeam positionsShared explorationLock speedFull tech treeHidden civsTurbo modeCheats
Victory
Defeat
🇦🇷 Franks · Argentina
735
+15
🇹🇼 Italians · Taiwan
723
-15
w53416755
6:26 Loom
9:38 Feudal Age
10:17 Double-Bit Axe
11:38 Horse Collar
23:14 Wheelbarrow
26:30 Castle Age
26:13 Fletching
26:23 Padded Archer Armor
28:23 Bow Saw
28:36 Leather Archer Armor
30:40 Pikeman
38:19 Hand Cart
37:50 Town Watch
38:27 Bodkin Arrow
39:17 Squires
40:40 Ballistics
40:32 Masonry
46:29 Imperial Age
ELKUNN
8:40 Loom
10:58 Feudal Age
12:15 Double-Bit Axe
17:08 Scale Barding Armor
19:09 Forging
21:38 Castle Age
21:37 Fletching
27:33 Elite Skirmisher
30:06 Ballistics
29:50 Bodkin Arrow
30:18 Chain Barding Armor
30:42 Bow Saw
35:49 Imperial Age
34:17 Iron Casting
39:40 Plate Barding Armor
40:06 Blast Furnace
43:08 Chemistry
42:19 Gold Mining
43:07 Wheelbarrow
43:22 Cavalier
44:04 Husbandry
43:38 Heavy Scorpion
43:49 Light Cavalry
Connection lost

Rejoining the realm…

Still unreachable

The connection could not be restored.

Session expired

The server has moved on; the page needs a fresh start.